 Dungeon Crawl Stone Soup version 0.29-a0-469-gd254ca6 (webtiles) character file.

Game seed: 682206582250827034

3839 Think the Slicer (level 10, 0/71 (72) HPs)
             Began as an Octopode Fighter on May 22, 2022.
             Was an Elder of Jiyva.
             Succumbed to a killer bee's poison
             ... on level 8 of the Dungeon.
             The game lasted 00:15:23 (5927 turns).

Think the Slicer (Octopode Fighter)                 Turns: 5927, Time: 00:15:24

HP:   0/71 (72)     AC:  1    Str: 17 (20) XL:     10   Next: 18%
MP:   21/21         EV: 14    Int: 12 (15) God:    Jiyva [****..]
Gold: 326           SH:  5    Dex:  9 (11) Spells: 8/9 levels left

rFire   . . .      SeeInvis .   a - +0 rapier
rCold   . . .      Faith    .   b - +0 buckler
rNeg    . . .      Spirit   .   (helmet restricted)
rPois   +          Reflect  .   (no amulet)
rElec   .          Harm     .   n - ring of magical power
rCorr   +          Rampage  .   w - ring of poison resistance
Will    +++..                   (no ring)
Stlth   ++........              (no ring)
HPRegen 1.49/turn               (no ring)
MPRegen 0.57/turn               (no ring)
                                (no ring)
                                (no ring)

@: lethally poisoned (0 -> -2), flying, lightly drained
A: almost no armour, amphibious, 8 rings, camouflage 1, gelatinous body 1,
(nimble swimmer 1), tentacles, clever 2, high MP 2, strong-willed 3, jelly
absorbing missiles
a: Renounce Religion, Oozemancy, Slimify


You were on level 8 of the Dungeon.
You worshipped Jiyva.
Jiyva was greatly pleased with you.
You visited 1 branch of the dungeon, and saw 8 of its levels.
You also visited: Sewer.

You collected 326 gold pieces.

Inventory:

Hand Weapons
 a - a +0 rapier (weapon)
Armour
 b - a +0 buckler (worn)
Jewellery
 i - an amulet of faith
 n - a ring of magical power (left tentacle)
 w - a ring of poison resistance (right tentacle)
Wands
 l - a wand of flame (16)
 s - a wand of paralysis (11)
Scrolls
 f - a scroll of poison {unknown}
 h - a scroll of enchant weapon {unknown}
 j - 4 scrolls of identify {unknown}
 k - 4 scrolls of teleportation
 r - 2 scrolls of vulnerability {unknown}
 u - a scroll of blinking {unknown}
Potions
 c - a potion of might
 d - a potion of attraction
 m - a potion of flight
 o - a potion of haste {unknown}
 p - a potion of brilliance {unknown}
 q - a potion of lignification {unknown}
 t - a potion of cancellation {unknown}
 v - a potion of mutation {unknown}


   Skills:
 * Level 7.9 Fighting
 - Level 10.0 Short Blades
 + Level 5.9 Dodging
 + Level 6.0 Shields
 - Level 2.0 Hexes


You had 8 spell levels left.
You knew the following spells:

 Your Spells              Type           Power      Damage    Failure   Level
a - Slow                  Hex            16%        N/A       19%         1

Your spell library contained the following spells:

 Spells                   Type           Power      Damage    Failure   Level
 Confusing Touch          Hex            4%         N/A       50%         3
 Blink                    Tloc           0%         N/A       54%         2
 Lesser Beckoning         Tloc           0%         N/A       77%         3
 Vampiric Draining        Necr           0%         2d6       77%         3
 Manifold Assault         Tloc           0%         N/A       100%        5


Dungeon Overview and Level Annotations

Branches:
Dungeon (8/15)             Temple (0/1) D:7           Sewer (visited)
   Lair: D:8-11

Altars:
Jiyva

Shops:
D:2 (   D:4 *

Annotations:
D:3 1 runed translucent door, Crazy Yiuf


Innate Abilities, Weirdness & Mutations

You cannot wear most types of armour.
You are amphibious.
You can wear up to eight rings at the same time.
Your skin changes colour to match your surroundings (Stealth+).
Your rubbery body absorbs attacks. (AC +1, EV +1)
((You are camouflaged when in or above water. (Stealth+)))
You have tentacles for arms and can constrict up to eight enemies at once.
Your mind is very acute. (Int +4)
You have a considerably increased reservoir of magic. (+20% MP)
You are extremely strong-willed. (Will+++)
You have a small jelly attached to you that may absorb projectiles.


Message History

The killer bee misses you. The killer bee stings you.
* * * LOW HITPOINT WARNING * * *
Your Shields skill increases to level 6!
You closely miss the gnoll. Your grab misses the gnoll. You squeeze the gnoll.
The gnoll is lightly wounded.
You feel sick. The killer bee barely misses you.
The gnoll hits you with a +0 flail.
* * * LOW HITPOINT WARNING * * *
The killer bee closely misses you.
You hit the gnoll. You grab the gnoll.
The gnoll is heavily wounded.
You constrict the gnoll.
You feel sick. The killer bee completely misses you.
The gnoll barely misses you.
You hit the gnoll.
The gnoll is severely wounded.
You constrict the gnoll.
You kill the gnoll!
You feel sick. The killer bee stings you.
* * * LOW HITPOINT WARNING * * *
The killer bee stings you.
* * * LOW HITPOINT WARNING * * *
Okay, then.
You closely miss the killer bee. Your grab misses the killer bee.
You feel sick. The killer bee closely misses you.
You barely miss the killer bee. Your grab misses the killer bee.
You feel sick. The killer bee stings you.
* * * LOW HITPOINT WARNING * * *
You are lethally poisoned!
The killer bee poisons you! The killer bee barely misses you.
Okay, then.
It was a potion of flight.
You feel very buoyant.
You fly up into the air.
* * * LOW HITPOINT WARNING * * *
You feel very sick. The killer bee barely misses you. x2
It was a potion of degeneration.
There was something very wrong with that liquid.
You feel weakened.
You feel dopey.
You feel clumsy.
You die...

# .# #. ##...
#..#######...#
##....y#....#
......)@..##
....####...#
..# . #...#
≈.# ##..## ≈.#
##..# ≈.#
#..## ..#
##..# ..#
##.####... .##
##.........


You could see a killer bee.

Vanquished Creatures
  Erica (D:8)
  Grinder (D:3)
  A shadow (D:7)
  Sigmund (D:3)
  Eustachio (D:5)
  A water moccasin (D:8)
  An ice beast (D:7)
  2 black bears (D:6)
  An ogre (D:7)
  A centaur (D:6)
  6 kobold brigands
  3 bullfrogs (D:7)
  Blork the orc (D:5)
  2 necrophages (D:5)
  A gnoll sergeant (D:8)
  A scorpion (D:5)
  A wight (D:8)
  8 killer bees
  A howler monkey (D:6)
  3 hounds
  3 orc priests
  4 iguanas
  3 orc wizards (D:7)
  Natasha (twice) (D:3)
  Ijyb (D:3)
  5 gnolls
  9 adders
  3 river rats (Sewer)
  A shadow imp (D:7)
  2 ufetubi
  A worm (D:2)
  A dart slug (D:1)
  13 orcs
  9 ball pythons
  3 bats (D:1)
  A giant cockroach (D:1)
  4 goblins
  8 hobgoblins
  11 kobolds
  2 quokkas (D:2)
  3 frilled lizards
  6 rats
133 creatures vanquished.

Vanquished Creatures (collateral kills)
  2 ogres (D:5)
  An orc priest (D:7)
3 creatures vanquished.

Vanquished Creatures (others)
  A slime creature (D:8)
  A shadow (D:8)
  A black bear (D:6)
  An ice beast (D:8)
  A kobold brigand (D:8)
  A bullfrog (D:7)
  A wight (D:8)
  2 killer bees (D:8)
  30 jellies
  An orc wizard (D:8)
  Natasha (D:3)
  5 adders
  A gnoll (D:8)
  A dart slug (D:3)
  2 endoplasms
  2 orcs (D:8)
  3 ball pythons
  A bat (D:3)
  A goblin (D:3)
  A hobgoblin (D:2)
  2 jackals (D:2)
  A frilled lizard (D:2)
  A kobold (D:2)
  2 fungi (D:3)
  A plant (D:5)
65 creatures vanquished.

Grand Total: 201 creatures vanquished

Notes
Turn   | Place    | Note
-------+----------+-------------------------------------------
     0 | D:1      | Think the Octopode Fighter began the quest for the Orb.
     0 | D:1      | Reached XP level 1. HP: 16/16 MP: 1/1
   122 | D:1      | Reached XP level 2. HP: 21/21 MP: 2/2
   136 | D:1      | Found a faded altar of an unknown god.
   144 | D:1      | Prayed at the altar of an unknown god.
   144 | D:1      | Became a worshipper of Jiyva Jeode the Shapeless
   144 | D:1      | Reached * piety under Jiyva
   469 | D:1      | Reached ** piety under Jiyva
   852 | D:2      | Reached skill level 3 in Short Blades
   852 | D:2      | Reached XP level 3. HP: 20/26 MP: 3/3
   906 | D:2      | Found Voeteu's Antique Weapon Shop.
  1000 | D:2      | Reached *** piety under Jiyva
  1276 | D:3      | Noticed Sigmund
  1319 | D:3      | Noticed Grinder
  1328 | D:3      | Killed Grinder
  1329 | D:3      | Reached skill level 5 in Short Blades
  1329 | D:3      | Reached XP level 4. HP: 21/31 MP: 4/4
  1329 | D:3      | Reached XP level 5. HP: 25/36 MP: 5/5
  1329 | D:3      | Reached XP level 6. HP: 29/42 MP: 6/6
  1337 | D:3      | Noticed Ijyb
  1356 | D:3      | Reached skill level 6 in Short Blades
  1371 | D:3      | Killed Ijyb
  1475 | D:3      | Noticed Natasha
  1488 | D:3      | Killed Natasha
  1582 | D:3      | Killed Sigmund
  1583 | D:3      | Reached skill level 7 in Short Blades
  1583 | D:3      | Reached XP level 7. HP: 40/46 MP: 7/7
  1843 | D:3      | Found a runed translucent door.
  1844 | D:3      | Noticed Crazy Yiuf
  1850 | D:3      | Noticed Natasha
  1856 | D:3      | Killed Natasha
  1908 | D:3      | Killed Natasha
  2074 | D:4      | Found Erphijea's General Store.
  2110 | D:4      | Gained mutation: Your melee attacks may engulf your foes in
                  | ooze. [Jiyva's grace]
  2110 | D:4      | Gained mutation: You are strong-willed. (Will+) [Jiyva's
                  | grace]
  2110 | D:4      | Gained mutation: You are highly strong-willed. (Will++)
                  | [Jiyva's grace]
  2110 | D:4      | Gained mutation: You are extremely strong-willed. (Will+++)
                  | [Jiyva's grace]
  2119 | D:4      | Reached **** piety under Jiyva
  2153 | D:4      | Learned a level 1 spell: Slow
  2443 | D:5      | Entered Level 5 of the Dungeon
  2595 | D:5      | Reached skill level 8 in Short Blades
  2652 | D:5      | Reached XP level 8. HP: 52/52 MP: 8/8
  2687 | D:5      | Reached skill level 9 in Short Blades
  2765 | D:5      | Reached ***** piety under Jiyva
  2813 | D:5      | Noticed Eustachio
  2838 | D:5      | Killed Eustachio
  2856 | D:5      | Reached skill level 10 in Short Blades
  3100 | D:5      | Noticed Blork the orc
  3108 | D:5      | Killed Blork the orc
  3109 | D:5      | Reached skill level 1 in Hexes
  3506 | D:6      | Found a glowing drain.
  3534 | Sewer    | Entered a sewer
  3539 | Sewer    | Lost mutation: You are extremely strong-willed. (Will+++)
                  | [Jiyva's grace]
  3539 | Sewer    | Lost mutation: You are highly strong-willed. (Will++)
                  | [Jiyva's grace]
  3539 | Sewer    | Gained mutation: Your mind is acute. (Int +2) [Jiyva's
                  | grace]
  3539 | Sewer    | Gained mutation: Your mind is very acute. (Int +4) [Jiyva's
                  | grace]
  3539 | Sewer    | Gained mutation: You have a small jelly attached to you
                  | that may absorb projectiles. [Jiyva's grace]
  3539 | Sewer    | Gained mutation: You are partially covered in iridescent
                  | scales. (AC +2) [Jiyva's grace]
  3577 | Sewer    | Reached XP level 9. HP: 59/59 MP: 9/9
  3776 | Sewer    | Reached skill level 5 in Fighting
  4875 | D:7      | Reached ****** piety under Jiyva
  4897 | D:7      | Reached skill level 5 in Dodging
  4897 | D:7      | Reached skill level 5 in Shields
  5070 | D:7      | Found a staircase to the Ecumenical Temple.
  5501 | D:8      | Lost mutation: You are partially covered in iridescent
                  | scales. (AC +2) [Jiyva's grace]
  5501 | D:8      | Lost mutation: Your melee attacks may engulf your foes in
                  | ooze. [Jiyva's grace]
  5501 | D:8      | Gained mutation: You are highly strong-willed. (Will++)
                  | [Jiyva's grace]
  5501 | D:8      | Gained mutation: You are extremely strong-willed. (Will+++)
                  | [Jiyva's grace]
  5501 | D:8      | Gained mutation: You have an increased reservoir of magic.
                  | (+10% MP) [Jiyva's grace]
  5501 | D:8      | Gained mutation: You have a considerably increased
                  | reservoir of magic. (+20% MP) [Jiyva's grace]
  5596 | D:8      | Noticed Erica
  5609 | D:8      | Killed Erica
  5610 | D:8      | Reached XP level 10. HP: 65/72 MP: 12/12
  5925 | D:8      | HP: 3/71 [killer bee (4)]
  5926 | D:8      | HP: 1/71 [poisoned by a killer bee]
  5927 | D:8      | Succumbed to a killer bee's poison

Illustrated notes

Levels and vault maps discovered:
D:1:      dpeg_arrival_solitude, layout_basic, shapermc_ecumenical_altar_pompeii
D:2:      layout_basic, serial_shops, nicolae_shop_window_shopping
D:3:      minmay_spotlight, layout_basic, uniq_natasha, uniq_grinder, uniq_ijyb,
          uniq_crazy_yiuf_cottage, uniq_sigmund
D:4:      nicolae_cairo_tiling_large, layout_rooms, serial_shops,
          nicolae_shop_statue_plus, nrook_campfire,
          chequers_serial_rivers_small_3, nicolae_zen_rock_garden
D:5:      layout_cave_pods, chequers_serial_rivers_marsh, saegor_snake_ambush,
          uniq_eustachio, uniq_blork_the_orc
D:6:      layout_loops_ring, gup_sewer_entry_glass
D:7:      layout_basic, minmay_temple_entry_fiery, kb_rosetta
D:8:      kennysheep_windowed_halls, layout_layer_cave, grunt_gozag_breadcrumbs,
          grunt_decor_clamped, uniq_erica

Skill      XL: |  1  2  3  4  5  6  7  8  9 10 |
---------------+-------------------------------+-----
Short Blades   | 3 5 7 8 10 | 10.0
Hexes          | 1 2 |  2.0
Fighting       | 4 7 |  7.9
Shields        | 5 6 |  6.0
Dodging        | 5 |  5.9

Action                   |  1- 3 |  4- 6 |  7- 9 | 10-12 || total
-------------------------+-------+-------+-------+-------++-------
Melee: Rapier            |    49 |    39 |   268 |    34 ||   390
       Constrict         |    16 |     7 |    49 |     8 ||    80
       Tentacles         |     8 |     7 |    66 |     3 ||    84
       Punch             |     1 |       |     3 |       ||     4
 Cast: Slow              |       |       |     2 |       ||     2
Invok: Oozemancy         |     1 |       |       |       ||     1
       Slimify           |       |       |       |     1 ||     1
  Use: Potion            |       |     1 |     2 |     3 ||     6
       Scroll            |       |       |     1 |       ||     1
 Stab: Sleeping          |     7 |       |    10 |       ||    17
Armor: Skin              |     2 |       |    11 |     1 ||    14
Dodge: Dodged            |    15 |    14 |   103 |    33 ||   165
Block: Buckler           |    13 |     3 |    41 |     9 ||    66

Table legend: (Time is in decaauts)
 A = Elapsed time spent in this place.
 B = Non-inter-level travel time spent in this place.
 C = Inter-level travel time spent in this place.
 D = Time resting spent in this place.
 E = Time spent auto-exploring this place.
 F = Levels seen in this place.
 G = Mean time per level.
                   A        B        C        D        E       F      G
               +--------+--------+--------+--------+--------+-----+--------+
         Total |   5857 |   5588 |    269 |     79 |   4473 |   9 |  650.8 |
       Dungeon |   5373 |   5104 |    269 |     79 |   4155 |   8 |  671.6 |
         Sewer |    483 |    483 |      0 |      0 |    318 |   1 |  483.0 |
               +--------+--------+--------+--------+--------+-----+--------+

Top non-repeatable levels by time:
     D:7: 971 daAuts
     D:5: 906 daAuts
     D:1: 743 daAuts
     D:3: 600 daAuts
     D:6: 598 daAuts
     D:2: 574 daAuts
     D:4: 522 daAuts
   Sewer: 483 daAuts
     D:8: 455 daAuts
